 Dungeon Crawl Stone Soup version 0.27-a0-1359-ga2a4dfd6fd (webtiles) character file.

Game seed: 14976086015823374505

8506 ABBCCCDDDD the Fighter (level 11, -3/171 HPs)
             Began as a Minotaur Berserker on June 28, 2021.
             Was a High Priest of Trog.
             Slain by a death yak (22 damage)
             ... on level 6 of the Dungeon.
             The game lasted 00:15:01 (9515 turns).

ABBCCCDDDD the Fighter (Minotaur Berserker)         Turns: 9515, Time: 00:15:02

Health: -3/171     AC: 16    Str: 24    XL:     11   Next: 10%
Magic:  10/10      EV:  9    Int:  4    God:    Trog [*****.]
Gold:   359        SH:  0    Dex: 11    Spells: 10/10 levels left

rFire    + . .     SeeInvis .   c - +0 war axe
rCold    . . .     Faith    .   (no shield)
rNeg     . . .     Spirit   .   J - +1 plate armour {Will+}
rPois    .         Reflect  .   (helmet restricted)
rElec    .         Harm     .   (no cloak)
rCorr    .         Rampage  .   (no gloves)
Will     +++..                  k - +0 pair of boots
Stlth    ..........             (no amulet)
HPRegen  1.38/turn              n - ring of protection from fire
MPRegen  0.12/turn              (no ring)

@: berserking, strong-willed, regenerating, very quick
A: horns 2, retaliatory headbutt, camouflage 1, robust 1
a: Renounce Religion, Berserk, Trog's Hand, Brothers in Arms


You were on level 6 of the Dungeon.
You worshipped Trog.
Trog was extremely pleased with you.
You visited 1 branch of the dungeon, and saw 8 of its levels.
You also visited: Sewer and Ossuary.

You collected 475 gold pieces.
You spent 116 gold pieces at shops.

Inventory:

Hand Weapons
 c - a +0 war axe (weapon)
Missiles
 x - 6 silver javelins (quivered)
 F - a curare-tipped dart
Armour
 k - a +0 pair of boots (worn)
 p - the +6 scale mail of Good Intentions {rN+ Str-4 Int+7}
   (You found it on level 4 of the Dungeon)

   Str:       It affects your strength (-4).
   Int:       It affects your intelligence (+7).
   rN:        It protects you from negative energy.
 w - a +0 kite shield
 J - a +1 plate armour of willpower (worn)
Jewellery
 j - a ring of fire
 n - a ring of protection from fire (left hand)
 o - a +4 ring of protection
 E - an amulet of the acrobat
 G - a ring of resist corrosion
Scrolls
 a - 2 scrolls of enchant weapon {unknown}
 d - a scroll of fear
 e - 3 scrolls of identify
 g - 4 scrolls of teleportation
 h - 2 scrolls of immolation {unknown}
 q - 2 scrolls of fog {unknown}
 r - 5 scrolls of blinking {unknown}
 s - 2 scrolls of noise {unknown}
 u - 3 scrolls of holy word {unknown}
 y - a scroll of magic mapping {unknown}
 C - a scroll of silence {unknown}
 D - a scroll of brand weapon {unknown}
Potions
 b - 3 potions of heal wounds
 f - 2 potions of degeneration
 i - 2 potions of ambrosia {unknown}
 l - 4 potions of attraction {unknown}
 m - 6 potions of curing {unknown}
 t - 3 potions of haste
 v - a potion of mutation
 z - a potion of cancellation {unknown}
 A - a potion of might {unknown}
 B - 2 potions of magic {unknown}
 H - a potion of lignification {unknown}
 I - a potion of flight


   Skills:
 * Level 12.2 Fighting
 * Level 12.2 Axes
 + Level 8.7 Armour
 + Level 8.0 Dodging


You had 10 spell levels left.
You didn't know any spells.
Your spell library was empty.

Dungeon Overview and Level Annotations

Branches:
Dungeon (8/15)             Temple (0/1) D:5           Sewer (visited)
Ossuary (visited)
   Lair: D:8-11

Altars:
Ashenzari
Cheibriados
Dithmenos
Gozag
Hepliaklqana
Kikubaaqudgha
Wu Jian
Xom

Shops:
D:3 *[!   D:4 **   D:7 :


Innate Abilities, Weirdness & Mutations

You have a pair of horns on your head.
You reflexively headbutt those who attack you in melee.
Your skin changes colour to match your surroundings (Stealth+).
You are robust. (+10% HP)


Message History

The death yak is lightly wounded.
The death yak closely misses you. x2
The yak bellows!
The death yak gores you. The death yak barely misses you.
You furiously retaliate!
You headbutt the death yak!
The death yak snorts and paws the ground.
There is a stone staircase leading up here.
The death yak snorts and paws the ground.
The death yak gores you! The death yak gores you.
You climb upwards.
There is a stone staircase leading down here.
The death yak barely misses you.
Found 9 gold pieces.
The death yak gores you!
* * * LOW HITPOINT WARNING * * *
The death yak gores you.
* * * LOW HITPOINT WARNING * * *
You feel yourself speed up.
Your skin crawls.
You feel strong-willed. The death yak gores you.
* * * LOW HITPOINT WARNING * * *
There is a hazy altar of Hepliaklqana here.
The death yak gores you but does no damage.
The death yak barely misses you.
You recover from your berserk rage.
A red film seems to cover your vision as you go berserk!
You feel yourself moving faster!
You feel mighty! The death yak gores you!
* * * LOW HITPOINT WARNING * * *
You slash the death yak!
The death yak is lightly wounded.
The death yak gores you!!
* * * LOW HITPOINT WARNING * * *
You slice the death yak!!
The death yak is heavily wounded.
You slice the death yak!!
The death yak is severely wounded.
The death yak gores you!!
You die...

####..............##
#........# #
##.....##...>.#####........#
############..............#
##.........#####........#
#######..####.######
######...# ..>.....##
#.####8###8####.###
######### #.##8...8..$8##.#
#.##.........##.#
#.#>@Y......._#.#
####.........####
###8...8...8### ###8###8###
### ###


You could see a death yak.

Vanquished Creatures
  A boulder beetle (D:7)
  2 two-headed ogres (D:7)
  2 death yaks
  An ugly thing (D:7)
  A manticore (D:7)
  A hornet (D:7)
  A shadow (D:8)
  2 wraiths
  A yak (D:8)
  A steam dragon (D:6)
  Menkaure (D:6)
  Duvessa (D:6)
  A sky beast (D:5)
  An orc warrior (D:5)
  4 ogres
  2 ice beasts
  2 necrophages
  A phantom (D:7)
  7 centaurs
  A kobold brigand (D:8)
  A bullfrog (D:7)
  A scorpion (D:5)
  Dowan (D:6)
  2 water moccasin skeletons
  5 wights (D:8)
  A bullfrog zombie (D:5)
  3 centaur zombies (Ossuary)
  7 orc priests
  2 centaur skeletons
  4 hounds
  A jelly (D:5)
  3 bullfrog skeletons
  2 gnoll shamans
  4 iguanas
  A scorpion zombie (D:5)
  7 orc wizards
  A hound skeleton (D:5)
  6 mummies (Ossuary)
  3 howler monkey zombies
  5 gnolls (D:6)
  10 adders
  3 howler monkey skeletons
  A river rat (D:6)
  3 shadow imps
  A white imp (D:7)
  3 ufetubi (D:5)
  An adder skeleton (D:3)
  3 worms
  3 dart slugs
  28 orcs
  7 ball pythons
  9 endoplasms
  A giant cockroach (D:6)
  A goblin (D:1)
  4 hobgoblins
  11 jackals
  15 kobolds
  4 quokkas
  2 bats
  4 frilled lizards
  3 hobgoblin zombies (Ossuary)
  10 rats
221 creatures vanquished.

Vanquished Creatures (others)
  An orc wizard (D:8)
  15 plants (Sewer)
16 creatures vanquished.

Grand Total: 237 creatures vanquished

Notes
Turn   | Place    | Note
-------+----------+-------------------------------------------
     0 | D:1      | ABBCCCDDDD the Minotaur Berserker began the quest for the
                  | Orb.
     0 | D:1      | Reached XP level 1. HP: 19/19 MP: 0/0
    80 | D:1      | Found a faded altar of an unknown god.
   148 | D:1      | Reached XP level 2. HP: 21/27 MP: 1/1
   961 | D:2      | Reached XP level 3. HP: 33/33 MP: 2/2
  1985 | D:3      | Reached XP level 4. HP: 40/41 MP: 3/3
  2051 | D:3      | Reached ** piety under Trog
  2324 | D:3      | Found Deituju's General Store.
  2405 | D:3      | Bought a scroll of identify for 26 gold pieces
  2409 | D:3      | Gained mutation: You are robust. (+10% HP) [potion of
                  | mutation]
  2409 | D:3      | Gained mutation: Your skin changes colour to match your
                  | surroundings (Stealth+). [potion of mutation]
  2489 | D:3      | Found Liotewn's Antique Armour Shoppe.
  2503 | D:3      | Found Cyromax's Distillery.
  2511 | D:3      | Bought a potion of degeneration for 10 gold pieces
  2511 | D:3      | Bought a potion of heal wounds for 50 gold pieces
  2511 | D:3      | Bought a potion of flight for 30 gold pieces
  2866 | D:4      | Noticed an ogre
  3102 | D:4      | Identified the +6 scale mail of Good Intentions {rN+ Str-4
                  | Int+7}
  3150 | D:4      | Found a sand-covered staircase.
  3158 | Ossuary  | Entered an ossuary
  3168 | Ossuary  | Reached skill level 5 in Fighting
  3168 | Ossuary  | Reached XP level 5. HP: 52/52 MP: 4/4
  3169 | Ossuary  | Reached skill level 5 in Axes
  3358 | Ossuary  | Reached XP level 6. HP: 43/61 MP: 5/5
  3789 | D:4      | Found Vyquukoy's Gadget Gallery.
  3839 | D:4      | Found an ornate altar of the Wu Jian Council.
  3919 | D:4      | Reached XP level 7. HP: 69/69 MP: 6/6
  4109 | D:4      | Found Gozag's Platinum Reserve.
  4110 | D:4      | Found an opulent altar of Gozag.
  4240 | D:5      | Entered Level 5 of the Dungeon
  4423 | D:5      | Found a staircase to the Ecumenical Temple.
  4436 | D:5      | Reached *** piety under Trog
  4717 | D:5      | Found an ancient bone altar of Kikubaaqudgha.
  4727 | D:5      | Reached skill level 5 in Armour
  4728 | D:5      | Reached XP level 8. HP: 80/80 MP: 7/7
  5301 | D:6      | Noticed Menkaure
  5308 | D:6      | Killed Menkaure
  5309 | D:6      | Reached skill level 5 in Dodging
  5532 | D:6      | Noticed Duvessa
  5534 | D:6      | Noticed Dowan
  5541 | D:6      | Killed Duvessa
  5545 | D:6      | Killed Dowan
  5545 | D:6      | Reached **** piety under Trog
  5546 | D:6      | Reached XP level 9. HP: 90/90 MP: 8/8
  5555 | D:6      | Found a shimmering altar of Xom.
  5606 | D:6      | Found a hazy altar of Hepliaklqana.
  5677 | D:6      | Found a glowing drain.
  5686 | Sewer    | Entered a sewer
  7103 | D:7      | Noticed a two-headed ogre
  7103 | D:7      | Noticed a manticore
  7109 | D:7      | Killed a manticore
  7110 | D:7      | Reached skill level 10 in Axes
  7112 | D:7      | Killed a two-headed ogre
  7113 | D:7      | Reached skill level 10 in Fighting
  7242 | D:7      | Noticed a white ugly thing
  7255 | D:7      | Killed a white ugly thing
  7256 | D:7      | Reached XP level 10. HP: 13/103 MP: 9/9
  7690 | D:7      | Found Fyakeu's Book Emporium.
  7778 | D:7      | Identified the +2 leather armour "Buumar" {-Cast +Blink
                  | rC+}
  7788 | D:7      | Reached ***** piety under Trog
  7885 | D:7      | Paralysed by a hornet for 3 turns
  8143 | D:7      | Noticed a two-headed ogre
  8146 | D:7      | Killed a two-headed ogre
  8253 | D:7      | Noticed a boulder beetle
  8267 | D:7      | Killed a boulder beetle
  8676 | D:7      | Found a snail-covered altar of Cheibriados.
  8682 | D:7      | Found a shadowy altar of Dithmenos.
  8687 | D:7      | Found a broken altar of Ashenzari.
  9120 | D:8      | Noticed a death yak
  9120 | D:8      | Noticed a death yak
  9154 | D:8      | Killed a death yak
  9409 | D:8      | Reached XP level 11. HP: 114/114 MP: 10/10
  9416 | D:8      | Noticed a death yak
  9463 | D:7      | Killed a death yak
  9515 | D:6      | Slain by a death yak

Illustrated notes

Levels and vault maps discovered:
D:1:      moated_graveyard_arrival, layout_loops_ring,
          ebering_ecumenical_altar_ruins
D:2:      layout_loops_cross
D:3:      layout_basic, serial_shops, shop, shop, nicolae_shop_stone,
          minmay_cut_off
D:4:      layout_basic, nicolae_gozag_zags_fifth_avenue,
          nicolae_wu_jian_glorious_leap, chequers_ossuary_entry_cave,
          corexii_checkpoint_a, nicolae_shop_gadgets
D:5:      layout_basic, minmay_temple_entry_antechambers, minmay_ruined_shrine
D:6:      layout_rooms, lemuel_doored_altar, nicolae_overflow_hidden_temple,
          portal_sewer_entry_e, uniq_menkaure, uniq_duvessa
D:7:      minmay_the_grid_plus [minmay_the_grid_expand,
          minmay_the_grid_minigrid_small_alt, minmay_the_grid_large_cup,
          minmay_the_grid_mess, minmay_the_grid_prize_four_corners],
          layout_loops_cross, minmay_overflow_temple_star_quad, serial_shops,
          nicolae_lakefront_shop
D:8:      nicolae_whirlpool, layout_rooms, okawaru_metal_pillars_1_2,
          dpeg_lair_monsters

Skill      XL: |  1  2  3  4  5  6  7  8  9 10 11 |
---------------+----------------------------------+-----
Fighting       | 4 5 6 7 8 10 12 | 12.2
Axes           | 4 5 6 7 9 10 12 | 12.2
Armour         | 3 4 5 6 7 8 |  8.7
Dodging        | 3 4 5 6 7 8 |  8.0

Action                   |  1- 3 |  4- 6 |  7- 9 | 10-12 || total
-------------------------+-------+-------+-------+-------++-------
Melee: Hand axe          |    66 |    93 |     4 |       ||   163
       Headbutt          |    15 |    17 |    41 |    35 ||   108
       War axe           |       |       |   239 |   144 ||   383
Invok: Berserk           |     1 |     5 |     7 |     8 ||    21
       Trog's Hand       |       |     1 |       |     2 ||     3
  Use: Scroll            |       |     3 |     2 |     1 ||     6
       Potion            |       |     1 |     1 |       ||     2
 Stab: Sleeping          |       |     1 |       |       ||     1
Armor: Animal skin       |     6 |       |       |       ||     6
       Ring mail         |     1 |    36 |     2 |       ||    39
       Chain mail        |       |       |   111 |    47 ||   158
       Plate armour      |       |       |       |    44 ||    44
Dodge: Dodged            |    52 |    53 |   132 |    83 ||   320

Table legend: (Time is in decaauts)
 A = Elapsed time spent in this place.
 B = Non-inter-level travel time spent in this place.
 C = Inter-level travel time spent in this place.
 D = Time resting spent in this place.
 E = Time spent auto-exploring this place.
 F = Levels seen in this place.
 G = Mean time per level.
                   A        B        C        D        E       F      G
               +--------+--------+--------+--------+--------+-----+--------+
         Total |   9891 |   9701 |    190 |   2566 |   5353 |  10 |  989.1 |
       Dungeon |   8484 |   8294 |    190 |   2072 |   4686 |   8 | 1060.5 |
         Sewer |    992 |    992 |      0 |    253 |    615 |   1 |  992.0 |
       Ossuary |    414 |    414 |      0 |    240 |     51 |   1 |  414.0 |
               +--------+--------+--------+--------+--------+-----+--------+

Top non-repeatable levels by time:
     D:7: 2183 daAuts
     D:3: 1278 daAuts
     D:5: 1059 daAuts
   Sewer: 992 daAuts
     D:1: 903 daAuts
     D:4: 866 daAuts
     D:2: 844 daAuts
     D:6: 716 daAuts
     D:8: 633 daAuts
 Ossuary: 414 daAuts
